 Dungeon Crawl Stone Soup version 0.23-a0-635-g88ca12a7de (webtiles) character file.

446 GordonOverkill the Chopper (level 6, -3/51 HPs)
             Began as a Demigod Wanderer on Dec 27, 2018.
             Slain by an ogre
             ... wielding a +0 giant club
              (13 damage)
             ... on level 5 of the Dungeon.
             The game lasted 00:06:03 (4276 turns).

GordonOverkill the Chopper (Demigod Wanderer)       Turns: 4276, Time: 00:06:04

Health: -3/51      AC: 10    Str: 18    XL:     6   Next: 44%
Magic:  10/10      EV: 10    Int: 16    God:
Gold:   160        SH:  0    Dex: 16    Spells: 7/7 levels left

rFire    . . .     SeeInvis +   u - +1 hand axe (freeze)
rCold    . . .     Gourm    .   (no shield)
rNeg     . . .     Faith    .   x - +1 scale mail
rPois    .         Spirit   .   (no helmet)
rElec    .         Reflect  .   (no cloak)
rCorr    .         Harm     .   (no gloves)
MR       .....                  (no boots)
Stlth    ..........             o - amulet of magic regeneration
HPRegen  0.17/turn              p - ring of see invisible
MPRegen  0.37/turn              v - +3 ring of protection

@: no status effects
A: high mp 1
a: no special abilities


You were on level 5 of the Dungeon.
You were hungry.

You visited 1 branch of the dungeon, and saw 5 of its levels.

You collected 160 gold pieces.

Inventory:

Hand Weapons
 l - a +0 war axe
 u - a +1 hand axe of freezing (weapon)
Missiles
 g - 8 tomahawks (quivered)
Armour
 x - a +1 scale mail (worn)
Jewellery
 o - an amulet of magic regeneration (around neck)
 p - a ring of see invisible (left hand)
 v - a +3 ring of protection (right hand)
Scrolls
 b - 3 scrolls of teleportation
 i - 2 scrolls of fog
 j - a scroll of immolation
 m - a scroll of fear
Potions
 e - 2 potions of flight
 h - a potion of haste
 n - 4 potions of curing
 q - a potion of magic
 r - a potion of lignification {unknown}
 t - a potion of heal wounds {unknown}
 w - a potion of might {unknown}
Comestibles
 f - 6 rations


   Skills:
 + Level 3.5 Fighting
 * Level 4.5(5.0) Axes
   Level 3.1(4.3) Polearms
 - Level 1.0 Throwing
 - Level 2.0 Dodging
 - Level 1.0 Stealth
 - Level 1.0 Spellcasting
   Level 1.7 Fire Magic


You had 7 spell levels left.
You didn't know any spells.
Your spell library contained the following spells:

 Spells                   Type           Power        Failure   Level  Hunger
 Ensorcelled Hibernation  Hex/Ice        #.....       75%         2    ###....
 Borgnjor's Vile Clutch   Necr/Erth      #.........   100%        5    ######.
 Silence                  Hex/Air        #.........   100%        5    ######.
 Darkness                 Hex            #.........   100%        6    #######
 Shadow Creatures         Summ           N/A          100%        6    #######


Dungeon Overview and Level Annotations

Branches:
Dungeon (5/15)
 Temple: D:4-7

Annotations:
D:4 2 transporters


Innate Abilities, Weirdness & Mutations

You have an increased reservoir of magic. (+10% MP)


Message History

The crimson imp blinks!
You slash the ogre! You freeze the ogre.
The ogre is heavily wounded.
The ogre barely misses you.
You hit the ogre. You freeze the ogre.
The ogre is heavily wounded.
The ogre closely misses you.
You barely miss the ogre.
The ogre is heavily wounded.
You hit the crimson imp but do no damage.
The crimson imp closely misses you.
The ogre hits you with a +0 giant club!!
Ouch! That really hurt!
* * * LOW HITPOINT WARNING * * *
You are too injured to fight recklessly!
You hit the ogre. You freeze the ogre.
The ogre is severely wounded.
You hit the crimson imp. You freeze the crimson imp.
The crimson imp barely misses you. The ogre hits you with a +0 giant club!
You die...

..# #........
##.#####........
#......'........
#..#####........
#..#<..'........
#..#####..[.....
#...............
#.#############.
#@...#
......5.O..#
...........#
...........+
...........#
............
.............
..............


You could see an ogre and a crimson imp.

Vanquished Creatures
  2 ogres (D:4)
  A hound (D:4)
  A centaur skeleton (D:4)
  2 worker ants (D:4)
  7 adders
  An ooze (D:1)
  3 worms
  3 dart slugs
  2 orcs
  2 ball pythons (D:4)
  6 giant cockroaches
  8 goblins
  11 hobgoblins
  8 jackals
  A quokka (D:3)
  9 bats
  5 frilled lizards
  5 kobolds
  7 rats
84 creatures vanquished.

Vanquished Creatures (others)
  A ghoul (D:1)
  A draconian (D:1)
  2 gargoyles (D:1)
  An elf (D:1)
  A vine stalker (D:1)
  A vampire (D:1)
  A naga (D:1)
  2 ogres (D:1)
  An orc (D:1)
  A kobold (D:1)
  4 tentacles (D:1)
16 creatures vanquished.

Grand Total: 100 creatures vanquished

Notes
Turn   | Place    | Note
-------+----------+-------------------------------------------
     0 | D:1      | GordonOverkill the Demigod Wanderer began the quest for the
                  | Orb.
     0 | D:1      | GordonOverkill set off with the following items: a +2
                  | spear, a scroll of teleportation, a potion of curing, a +0
                  | robe, a ration
     0 | D:1      | Reached XP level 1. HP: 16/16 MP: 4/4
     0 | D:1      | Noticed a draconian
     0 | D:1      | Noticed a ghoul
     0 | D:1      | Noticed an ogre
     0 | D:1      | Noticed an elf
     0 | D:1      | Noticed a kraken
     0 | D:1      | Noticed a gargoyle
     0 | D:1      | Noticed a vampire
     0 | D:1      | Noticed a naga
     0 | D:1      | Noticed a vine stalker
     0 | D:1      | Noticed an ogre
     0 | D:1      | Noticed a gargoyle
     5 | D:1      | Killed a gargoyle
     5 | D:1      | Killed a gargoyle
     6 | D:1      | Killed an elf
     8 | D:1      | Killed a naga
    11 | D:1      | Killed a vampire
    12 | D:1      | Killed an ogre
    13 | D:1      | Killed an ogre
    14 | D:1      | Killed a vine stalker
    14 | D:1      | Killed a ghoul
    16 | D:1      | Killed a draconian
   205 | D:1      | Found a shattered altar of Ashenzari.
   276 | D:1      | Reached XP level 2. HP: 23/23 MP: 5/5
  1140 | D:2      | Reached XP level 3. HP: 28/29 MP: 6/6
  1462 | D:2      | Reached skill level 1 in Axes
  2230 | D:3      | Reached XP level 4. HP: 35/36 MP: 8/8
  2351 | D:3      | Reached skill level 2 in Axes
  2410 | D:3      | Found a glowing golden altar of the Shining One.
  2520 | D:3      | Found a burning altar of Makhleb.
  2524 | D:3      | Found a basalt altar of Yredelemnul.
  2524 | D:3      | Found a deep blue altar of Sif Muna.
  2992 | D:4      | Noticed an ogre
  3006 | D:4      | Killed an ogre
  3006 | D:4      | Reached skill level 3 in Axes
  3006 | D:4      | Reached XP level 5. HP: 34/44 MP: 9/9
  3177 | D:4      | Found a transporter.
  3180 | D:4      | Noticed a fire bat
  3314 | D:4      | Noticed an ogre
  3328 | D:4      | Killed an ogre
  3328 | D:4      | Reached XP level 6. HP: 27/51 MP: 10/10
  3552 | D:4      | Reached skill level 4 in Axes
  3624 | D:4      | Found a transporter.
  4244 | D:5      | Entered Level 5 of the Dungeon
  4276 | D:5      | Slain by an ogre

Vault maps used:
D:1:      nicolae_arrival_kraken_aquarium_a, st_stairs_12,
          evilmike_ruin_ashenzari
D:3:      grunt_temple_overflow_open, minmay_misc_feat_pillars
D:4:      gammafunk_cloud_chamber, first_ration, chequers_hall_statues_corner_a,
          kennysheep_small_square
D:5:      serial_shops, kennysheep_little_box

Skill      XL: |  1  2  3  4  5  6 |
---------------+-------------------+-----
Polearms       | 3 |  3.1
Axes           | 1 3 4 |  4.5
Fighting       | 2 3 |  3.5
Dodging        | 2 |  2.0
Throwing       | |  1.0
Stealth        | |  1.0
Spellcasting   | |  1.0
Fire Magic     | |  1.7

Action                   |  1- 3 |  4- 6 || total
-------------------------+-------+-------++-------
Melee: Spear             |   138 |    88 ||   226
       Hand axe          |       |    93 ||    93
  Use: Potion            |     1 |       ||     1
       Scroll            |     6 |     3 ||     9
 Stab: Sleeping          |     6 |     1 ||     7
       Distracted        |       |     1 ||     1
  Eat: Chunk             |     4 |     6 ||    10
Armor: Robe              |    17 |    16 ||    33
       Scale mail        |       |    11 ||    11
Dodge: Dodged            |    55 |    99 ||   154

Table legend:
 A = Non-vault XP
 B = Vault XP
 C = Vault XP percentage of total XP
 D = Non-vault monster count
 E = Vault monster count
 F = Vault count percentage of total count
                 A         B        C        D         E       F
            +---------+---------+-------+---------+---------+-------
      Total |     593 |      45 |   7.1 |      81 |       3 |   3.6
            +---------+---------+-------+---------+---------+-------
        D:1 |      37 |       3 |   7.5 |      19 |       2 |   9.5
        D:2 |      73 |       0 |   0.0 |      19 |       0 |   0.0
        D:3 |      78 |       0 |   0.0 |      27 |       0 |   0.0
        D:4 |     405 |      42 |   9.4 |      16 |       1 |   5.9
            +---------+---------+-------+---------+---------+-------
